 Dungeon Crawl Stone Soup version 0.31-a0-210-gccc998df9b (webtiles) character file.

Game seed: 14817974777302455693

131 AvylaarBelgium the Magician (level 4, -7/24 HPs)
             Began as a Deep Elf Earth Elementalist on June 30, 2023.
             Killed by divine providence
             ... invoked by an orc priest
              (16 damage)
             ... on level 3 of the Dungeon.
             The game lasted 00:02:57 (1235 turns).

AvylaarBelgium the Magician (DEEE)                  Turns: 1235, Time: 00:02:58

Health: -7/24      AC:  2    Str:  5    XL:     4   Next: 91%
Magic:  9/12       EV: 13    Int: 22    God:
Gold:   54         SH:  0    Dex: 21    Spells: 6/12 levels left

rFire   + . .        (no weapon)
rCold   . . .        (no shield)
rNeg    . . .        a - +0 robe
rPois   .            (no helmet)
rElec   .            (no cloak)
rCorr   .            (no gloves)
SInv    .            (no boots)
Will    .....        f - amulet of faith
Stlth   ++           g - ring of protection from fire
HPRegen 0.24/turn    p - +6 ring of dexterity
MPRegen 0.13/turn

%: faith
@: no status effects
A: no striking features
a: no special abilities


You were on level 3 of the Dungeon.
You visited 1 branch of the dungeon, and saw 3 of its levels.

You collected 54 gold pieces.

Inventory:

Hand Weapons
 q - a +0 falchion
Missiles
 o - 6 boomerangs
Armour
 a - a +0 robe (worn)
Jewellery
 f - an amulet of faith (around neck)
 g - a ring of protection from fire (left hand)
 p - a +6 ring of dexterity (right hand)
Wands
 l - a wand of mindburst (18)
Scrolls
 d - a scroll of amnesia {unknown}
 e - a scroll of noise {unknown}
 h - 2 scrolls of blinking {unknown}
 i - a scroll of identify {unknown}
 j - a scroll of silence {unknown}
 k - 3 scrolls of teleportation {unknown}
 m - a scroll of fear {unknown}
Potions
 c - 2 potions of curing
 n - a potion of lignification {unknown}
 r - a potion of invisibility {unknown}
 s - a potion of degeneration {unknown}


   Skills:
 - Level 2.4 Dodging
 - Level 2.4 Stealth
 + Level 4.7 Spellcasting
 + Level 3.0 Transmutations
 + Level 4.4 Earth Magic


You had 6 spell levels left.
You knew the following spells:

 Your Spells              Type           Power      Damage    Failure   Level
a - Sandblast             Erth           48%        2d12      1%          1
b - Passwall              Tmut/Erth      17%        N/A       3%          2
c - Stone Arrow           Conj/Erth      30%        3d8       13%         3

Your spell library contained the following spells:

 Spells                   Type           Power      Damage    Failure   Level
 Petrify                  Tmut/Erth      21%        N/A       22%         4


Dungeon Overview and Level Annotations

Branches:
Dungeon (3/15)

Altars:


Message History

You kill the orc wizard!
Your Transmutations skill increases to level 3!
The blast of sand hits the orc.
The orc is heavily wounded.
The orc closely misses you.
The blast of sand hits the orc!
You kill the orc!
The orc barely misses you.
The blast of sand hits the orc!
You kill the orc!
The blast of sand misses the orc priest.
The orc priest closely misses you.
The orc priest hits you with a +2 mace of protection.
The blast of sand hits the orc priest.
The orc priest is moderately wounded.
The orc priest barely misses you.
The blast of sand hits the orc priest but does no damage.
The orc priest is moderately wounded.
The orc priest casts a cantrip, but nothing happens.
The orc priest calls down the wrath of Beogh upon you.
Beogh smites you!
Ouch! That really hurt!
* * * LOW HITPOINT WARNING * * *
It was a potion of curing.
You feel better. The orc priest closely misses you.
Magic courses through your body. The orc priest barely misses you.
Casting: Sandblast (safe; 1% risk of failure)
Confirm with . or Enter, or press ? or * to list all spells.
You don't know that spell.
Casting: Sandblast (safe; 1% risk of failure)
Confirm with . or Enter, or press ? or * to list all spells.
The spell is quite dangerous to miscast (13% risk of failure)!
Continue anyway?
Aiming: Stone Arrow (quite dangerous; 13% risk of failure)
Press: ? - help, Shift-Dir - straight line, f/p - orc priest
Aim: an orc priest, wielding a +2 mace of protection and wearing a +0 leather armour (moderately wounded, 68% to hit)
The stone arrow hits the orc priest.
The orc priest is severely wounded.
The orc priest invokes the aid of Beogh against you.
Beogh smites you!
Ouch! That really hurt!
You die...

#....#....... ..##...#
.. .####.## #.# .# #.#
#.# ## #.# #.# #.# #.#
##.## ##.##
####...#####...######.##
.....#.......#..@o......
####...#####.?.######..#
##.## ##.## ## #)#
########## #.#
.........# #†.
.........# #.#
.........# ..#
.........# #..


You could see an orc priest.

Vanquished Creatures
  2 orc wizards (D:3)
  2 adders (D:3)
  2 dart slugs
  7 orcs (D:3)
  7 bats
  5 endoplasms
  2 giant cockroaches
  3 goblins
  4 hobgoblins
  A quokka (D:1)
  6 ball pythons
  3 frilled lizards
  3 kobolds (D:2)
  6 rats
53 creatures vanquished.

Notes
Turn   | Place    | Note
-------+----------+-------------------------------------------
     0 | D:1      | AvylaarBelgium the Deep Elf Earth Elementalist began the
                  | quest for the Orb.
     0 | D:1      | Reached XP level 1. HP: 10/10 MP: 6/6
   301 | D:1      | Reached XP level 2. HP: 15/15 MP: 6/8
   581 | D:2      | Learned a level 2 spell: Passwall
   723 | D:2      | Reached XP level 3. HP: 19/19 MP: 5/10
  1079 | D:3      | Reached XP level 4. HP: 16/24 MP: 6/12
  1159 | D:3      | Learned a level 3 spell: Stone Arrow
  1235 | D:3      | Killed from afar by an orc priest

Illustrated notes

Levels and vault maps discovered:
D:1:      dpeg_arrival_stonehenge_8_columns, layout_basic
D:2:      layout_basic, grunt_ministairs_9
D:3:      layout_basic, cheibrodos_ashenzari_chains, minmay_misc_feat_tower

Skill      XL: |  1  2  3  4 |
---------------+-------------+-----
Transmutations | 2 3 |  3.0
Spellcasting   | 4 |  4.7
Earth Magic    | 4 |  4.4
Dodging        | |  2.4
Stealth        | |  2.4

Action                     |  1- 3 |  4- 6 || total
---------------------------+-------+-------++-------
   Cast: Sandblast         |    55 |    20 ||    75
         Stone Arrow       |       |     1 ||     1
    Use: Potion            |       |     2 ||     2
 Armour: Robe              |     4 |     1 ||     5
  Dodge: Dodged            |    12 |    12 ||    24

Table legend: (Time is in decaauts)
 A = Elapsed time spent in this place.
 B = Non-inter-level travel time spent in this place.
 C = Inter-level travel time spent in this place.
 D = Time resting spent in this place.
 E = Time spent auto-exploring this place.
 F = Levels seen in this place.
 G = Mean time per level.
                   A        B        C        D        E       F      G
               +--------+--------+--------+--------+--------+-----+--------+
         Total |   1270 |   1237 |     33 |    111 |    831 |   3 |  423.3 |
       Dungeon |   1270 |   1237 |     33 |    111 |    831 |   3 |  423.3 |
               +--------+--------+--------+--------+--------+-----+--------+

Top non-repeatable levels by time:
     D:1: 586 daAuts
     D:2: 407 daAuts
     D:3: 276 daAuts
